 Dungeon Crawl Stone Soup version 0.31-a0-358-gac0dbeb3ab (webtiles) character file.

Game seed: 14958248966791218052

14291 Shard1697 the Basher (level 12, -7/97 HPs)
             Began as a Human Fighter on July 26, 2023.
             Was a Priest of the Shining One.
             Killed from afar by an orc sorcerer (29 damage)
             ... with a bolt of fire
             ... on level 2 of the Orcish Mines.
             The game lasted 00:15:53 (12222 turns).

Shard1697 the Basher (Human Fighter)               Turns: 12222, Time: 00:15:53

Health: -7/97      AC: 18    Str: 19    XL:     12   Next: 43%
Magic:  18/18      EV:  9    Int: 10    God:    the Shining One [***...]
Gold:   347        SH: 21    Dex: 14    Spells: 11/11 levels left

rFire   . . .        a - +4 flail (freeze)
rCold   + . .        z - +2 kite shield {reflect}
rNeg    + + .        w - +5 ring mail "Saipade" {rElec rN+}
rPois   .            p - +0 helmet
rElec   +            n - +2 cloak
rCorr   +            e - +0 pair of gloves
SInv    .            J - +1 pair of boots {rampage}
Will    +....        (no amulet)
Stlth   +            j - ring of resist corrosion
HPRegen 0.36/turn    H - ring of protection from cold
MPRegen 0.16/turn

%: reflection, rampage
@: divinely shielded, about to teleport, enlightened, flying (expiring), glowing
A: no striking features
a: Renounce Religion, Divine Shield, Cleansing Flame


You were on level 2 of the Orcish Mines.
You worshipped the Shining One.
The Shining One was most pleased with you.
You visited 2 branches of the dungeon, and saw 13 of its levels.
You also visited: Bailey.

You collected 764 gold pieces.
You spent 417 gold pieces at shops.

Inventory:

Hand Weapons
 a - a +4 flail of freezing (weapon)
 b - a +0 war axe
 r - a +0 morningstar
Armour
 c - a +0 buckler
 e - a +0 pair of gloves (worn)
 n - a +2 cloak (worn)
 p - a +0 helmet (worn)
 w - the +5 ring mail "Saipade" (worn) {rElec rN+}
   (You found it on level 8 of the Dungeon)

   rElec:     It insulates you from electricity.
   rN:        It protects you from negative energy.
 z - a +2 kite shield of reflection (worn)
 A - a +1 plate armour of fire resistance
 J - a +1 pair of boots of rampaging (worn)
Jewellery
 j - a ring of resist corrosion (left hand)
 H - a ring of protection from cold (right hand)
Wands
 l - a wand of polymorph (15)
 y - a wand of charming (5)
 D - a wand of flame (15)
Scrolls
 h - 2 scrolls of fear
 o - 3 scrolls of vulnerability
 s - 4 scrolls of enchant armour
 t - a scroll of enchant weapon
 u - a scroll of teleportation
 B - a scroll of blinking
 E - 2 scrolls of revelation
 G - a scroll of identify
 I - a scroll of brand weapon
Potions
 d - a potion of might
 g - 2 potions of lignification
 i - 3 potions of curing
 k - a potion of magic
 m - a potion of mutation
 v - a potion of brilliance {unknown}
 F - a potion of haste
Miscellaneous
 C - a phial of floods


   Skills:
 - Level 10.0 Fighting
 * Level 13.3 Maces & Flails
 - Level 3.8 Armour
 * Level 7.7 Shields
 + Level 8.1 Invocations


You had 11 spell levels left.
You didn't know any spells.
Your spell library contained the following spells:

 Spells                   Type           Power      Damage    Failure   Level
 Lesser Beckoning         Tloc           0%         N/A       91%         2
 Gell's Gravitas          Tloc           0%         N/A       99%         3
 Portal Projectile        Hex/Tloc       0%         N/A       99%         3
 Teleport Other           Tloc           0%         N/A       99%         3
 Malign Gateway           Summ/Tloc      0%         N/A       100%        7


Dungeon Overview and Level Annotations

Branches:
Dungeon (11/15)            Temple (0/1) D:5            Lair (0/5) D:11
    Orc (1/2) D:11         Bailey (visited)

Altars:
Elyvilon
Fedhas
Hepliaklqana
Sif Muna
Trog
Wu Jian
Yredelemnul
The Shining One

Shops:
D:8 *   D:10 !

Portals:
Trove: D:11 (give horn of Geryon)

Annotations:
D:5 2 transporters, Gelion's ghost, novice TrSh
Orc:2 Erolcha


Message History

Erolcha looks desperately for an escape route.
Erolcha mumbles some strange words.
Erolcha blinks!
The orc sorcerer points at you and mumbles some strange words.
The bolt of negative energy hits you. You partially resist.
You feel drained.
* * * LOW HITPOINT WARNING * * *
You closely miss the orc sorcerer.
The orc sorcerer is severely wounded.
Erolcha casts a spell.
Erolcha blinks!
You thump the orc sorcerer! You freeze the orc sorcerer.
The orc sorcerer is almost dead.
The orc sorcerer hits you but does no damage.
Erolcha gestures wildly while chanting.
Erolcha blinks!
You hit the orc sorcerer but do no damage.
The orc sorcerer is almost dead.
You block the orc sorcerer's attack.
You barely miss the orc sorcerer.
The orc sorcerer is almost dead.
The orc sorcerer casts a spell at you. The bolt of negative energy hits you.
You partially resist.
You feel drained.
* * * LOW HITPOINT WARNING * * *
You thump the orc sorcerer! You freeze the orc sorcerer.
You kill the orc sorcerer!
The Shining One accepts your kill.
The orc warrior wails, "Help!"
Your life force feels restored.
An orc sorcerer comes into view. It is wielding a +0 dagger.
You see here a +0 giant spiked club.
You rampage towards the orc sorcerer!
You are starting to lose your buoyancy.
The orc sorcerer shouts!
An orc warrior comes into view. It is wielding a +0 hand axe.
The orc sorcerer shouts, "You can't withstand my power!"
As you read the scroll of teleportation, it crumbles to dust.
You feel strangely unstable.
The orc sorcerer points at you and mumbles some strange words.
The bolt of fire hits you!!
You die...

..#..........#
.#.#........#.##
.........o.....#
...#..........#
.....o...$....#
.............##
............#.##
...............#
........@.....##
.$.......#)))##
.........##.##
#######..####
##.# #.. #.. #..


You could see an orc sorcerer and an orc warrior.

Vanquished Creatures
  Erica (D:8)
  3 boulder beetles (D:11)
  Nergalle (D:11)
  An ugly thing (D:11)
  2 orc sorcerers
  A salamander (shapeshifter) (D:11)
  A cyclops (D:11)
  4 trolls
  A hornet (D:8)
  Prince Ribbit (D:6)
  2 dream sheep (D:7)
  Sigmund (D:5)
  A vampire (D:11)
  3 wraiths
  A steam dragon (D:8)
  A yak (D:9)
  A warg (D:11)
  An acid dragon (D:9)
  A water moccasin (D:7)
  3 ice beasts
  2 black bears
  15 orc warriors
  A sky beast (D:8)
  5 ogres
  3 wolves (D:11)
  6 centaurs
  A kobold brigand (D:9)
  A bullfrog (D:8)
  3 scorpions
  9 wights
  13 killer bees
  3 electric eels (D:11)
  3 howler monkeys
  10 orc priests
  10 hounds
  A jelly (D:7)
  2 gnoll boudas
  An iguana (D:6)
  A sleepcap (D:6)
  Natasha (twice) (D:2)
  14 orc wizards
  Terence (D:2)
  Robin (D:3)
  9 gnolls
  5 adders
  A white imp (D:6)
  4 worms
  A dart slug (D:2)
  52 orcs
  9 ball pythons
  2 bats (D:1)
  6 endoplasms
  6 giant cockroaches
  14 goblins
  7 hobgoblins
  8 jackals
  4 quokkas
  3 frilled lizards
  4 kobolds
  3 rats
277 creatures vanquished.

Vanquished Creatures (collateral kills)
  A hornet (D:7)
  An orc warrior (D:7)
  3 wights (D:7)
  An orc (D:7)
6 creatures vanquished.

Vanquished Creatures (others)
  An orc wizard (D:3)
1 creature vanquished.

Grand Total: 284 creatures vanquished

Notes
Turn   | Place    | Note
-------+----------+-------------------------------------------
     0 | D:1      | Shard1697 the Human Fighter began the quest for the Orb.
     0 | D:1      | Reached XP level 1. HP: 18/18 MP: 1/1
   151 | D:1      | Reached XP level 2. HP: 23/24 MP: 2/2
   207 | D:1      | Reached skill level 3 in Maces & Flails
   306 | D:1      | Reached XP level 3. HP: 24/29 MP: 3/3
   854 | D:2      | Found an ornate altar of the Wu Jian Council.
   897 | D:2      | Reached skill level 4 in Maces & Flails
   897 | D:2      | Reached XP level 4. HP: 35/35 MP: 4/4
   962 | D:2      | Noticed Terence
   967 | D:2      | Killed Terence
  1322 | D:2      | Noticed Natasha
  1328 | D:2      | Killed Natasha
  1329 | D:2      | Reached skill level 5 in Maces & Flails
  1329 | D:2      | Reached XP level 5. HP: 13/41 MP: 5/5
  1565 | D:2      | Noticed Natasha
  1573 | D:2      | Killed Natasha
  1673 | D:3      | Noticed Robin
  1692 | D:3      | Killed Robin
  1919 | D:3      | Found a glowing golden altar of the Shining One.
  2130 | D:3      | Reached XP level 6. HP: 42/47 MP: 6/6
  2294 | D:3      | Became a worshipper of the Shining One
  2569 | D:4      | Reached skill level 6 in Maces & Flails
  2718 | D:4      | Noticed a black bear
  2743 | D:3      | Killed a black bear
  2921 | D:4      | Reached XP level 7. HP: 50/53 MP: 7/7
  3487 | D:5      | Entered Level 5 of the Dungeon
  3493 | D:5      | Found a hazy altar of Hepliaklqana.
  3516 | D:5      | Reached skill level 7 in Maces & Flails
  3607 | D:5      | Found a transporter.
  3628 | D:5      | Found a bloodstained altar of Trog.
  3628 | D:5      | Found a shimmering blue altar of Sif Muna.
  3628 | D:5      | Found a basalt altar of Yredelemnul.
  3656 | D:5      | Found a staircase to the Ecumenical Temple.
  3852 | D:5      | Reached skill level 5 in Fighting
  3899 | D:5      | Reached XP level 8. HP: 47/62 MP: 8/8
  4020 | D:5      | Noticed Sigmund
  4026 | D:5      | Killed Sigmund
  4029 | D:5      | Found a transporter.
  4038 | D:5      | Noticed Gelion's ghost (novice TrSh)
  4331 | D:6      | Noticed Prince Ribbit
  4354 | D:6      | Killed Prince Ribbit
  4355 | D:6      | Reached skill level 8 in Maces & Flails
  4601 | D:6      | Reached * piety under the Shining One
  4643 | D:6      | Reached skill level 1 in Invocations
  4843 | D:6      | Reached XP level 9. HP: 38/71 MP: 8/10
  5314 | D:7      | Reached skill level 9 in Maces & Flails
  5670 | D:7      | Reached ** piety under the Shining One
  5771 | D:7      | Noticed a hornet
  5782 | D:7      | Killed a hornet
  5783 | D:7      | Reached skill level 10 in Maces & Flails
  5783 | D:7      | Reached XP level 10. HP: 24/82 MP: 9/12
  6723 | D:7      | Found a blossoming altar of Fedhas.
  6724 | D:7      | Found a white marble altar of Elyvilon.
  6943 | D:8      | Identified the +5 ring mail "Saipade" {rElec rN+}
  7073 | D:8      | Found Vellad's Neck Hole.
  7081 | D:8      | Bought a +2 cloak for 247 gold pieces
  7098 | D:8      | Reached skill level 5 in Invocations
  7177 | D:8      | Noticed Erica
  7291 | D:8      | Killed Erica
  7292 | D:8      | Reached skill level 11 in Maces & Flails
  7852 | D:9      | Reached skill level 10 in Fighting
  7964 | D:9      | Found a flagged portal.
  7976 | Bailey   | Entered a bailey
  8040 | Bailey   | Reached XP level 11. HP: 66/90 MP: 15/15
  8438 | Bailey   | Identified the +7 sling of Severance {drain, rC+ MP+9}
  8861 | D:9      | Noticed an eight-headed hydra
  9633 | D:10     | Entered Level 10 of the Dungeon
  9757 | D:10     | Reached *** piety under the Shining One
  9758 | D:10     | Found Bausomon's Distillery.
  9766 | D:10     | Bought a potion of haste for 170 gold pieces
  9797 | D:10     | Got the Papyrus of Space
 10303 | D:11     | Reached skill level 12 in Maces & Flails
 10424 | D:11     | Noticed a brown ugly thing
 10508 | D:11     | Killed a brown ugly thing
 10509 | D:11     | Reached skill level 5 in Shields
 10624 | D:11     | Found a staircase to the Lair.
 10823 | D:11     | Noticed a cyclops
 10831 | D:11     | Killed a cyclops
 11236 | D:11     | Found a staircase to the Orcish Mines.
 11405 | D:11     | Found a transporter.
 11408 | D:11     | Found a transporter.
 11409 | D:11     | Noticed a boulder beetle
 11409 | D:11     | Noticed a boulder beetle
 11409 | D:11     | Noticed a boulder beetle
 11454 | D:11     | Killed a boulder beetle
 11456 | D:11     | Killed a boulder beetle
 11457 | D:11     | Reached XP level 12. HP: 54/97 MP: 17/17
 11472 | D:11     | Killed a boulder beetle
 11669 | D:11     | Reached skill level 13 in Maces & Flails
 11751 | D:11     | Found a portal to a secret trove of treasure.
 11888 | Orc:1    | Entered Level 1 of the Orcish Mines
 11890 | Orc:1    | Noticed Nergalle
 11928 | D:11     | Killed Nergalle
 12184 | Orc:1    | You fall into a shaft and drop 1 floor!
 12184 | Orc:2    | Entered Level 2 of the Orcish Mines
 12184 | Orc:2    | Noticed Erolcha
 12209 | Orc:2    | Noticed a sun demon
 12222 | Orc:2    | Killed from afar by an orc sorcerer

Illustrated notes

Levels and vault maps discovered:
D:1:      saegor_arrival_under_anarchy, layout_loops_ring, st_stairs_11
D:2:      layout_loops_ring, basic_altar, uniq_natasha, uniq_terence
D:3:      layout_basic, tso_oasis_becter, uniq_robin
D:4:      layout_cave_pools
D:5:      layout_loops_cross, gammafunk_temple_overflow_forgotten,
          nicolae_hepliaklqana_hazy_memory, minmay_temple_entry_sparse_star,
          gammafunk_ghost_arena, uniq_sigmund
D:6:      layout_basic, minmay_misc_feat_tiny, uniq_prince_ribbit1
D:7:      layout_loops_ring, gammafunk_temple_overflow_pools, serial_rivers,
          chequers_serial_rivers_micro_b, chequers_serial_rivers_micro_e,
          chequers_serial_rivers_micro_c, chequers_serial_rivers_marsh,
          chequers_serial_rivers_small_a, chequers_serial_rivers_micro_b,
          dreamdust_gnoll_shepherd
D:8:      layout_rooms, nicolae_shop_sticking_my_neck_out, uniq_erica
D:9:      layout_grid_maze, enter_bailey_3, wad_dig_loot
D:10:     nicolae_BIG_FREAKIN_CUBE, layout_basic, serial_shops,
          nicolae_shop_stone
D:11:     gammafunk_boulding_lane, layout_cave_pods, erik_lair_island,
          david_orc_4, enter_trove_0
Orc:1:    layout_caves, basic_altar, uniq_fannar, uniq_jorgrun, uniq_nergalle
Orc:2:    grunt_orc_gardens, layout_caves, grunt_orc_garden, grunt_orc_garden,
          grunt_orc_garden, grunt_orc_garden, elf_legates, uniq_erolcha

Skill      XL: |  1  2  3  4  5  6  7  8  9 10 11 12 |
---------------+-------------------------------------+-----
Maces & Flails | 3 4 5 6 7 8 10 11 12 13 | 13.3
Fighting       | 5 6 8 10 | 10.0
Invocations    | 1 3 5 7 8 |  8.1
Shields        | 6 7 |  7.7
Armour         | |  3.8

Action                     |  1- 3 |  4- 6 |  7- 9 | 10-12 || total
---------------------------+-------+-------+-------+-------++-------
  Melee: Flail             |    91 |   171 |   203 |   519 ||   984
 Invoke: Divine Shield     |       |       |     1 |     2 ||     3
  Evoke: Wand              |       |       |       |     4 ||     4
    Use: Scroll            |       |     7 |     6 |     6 ||    19
         Potion            |       |       |     2 |     4 ||     6
 Armour: Scale mail        |    46 |   109 |    82 |       ||   237
         Plate armour      |       |       |    27 |    22 ||    49
         Ring mail         |       |       |       |   223 ||   223
  Dodge: Dodged            |    35 |    77 |    77 |   180 ||   369
  Block: Buckler           |    17 |    40 |    55 |    50 ||   162
         Kite shield       |       |       |       |   198 ||   198
         Reflection        |       |       |       |     8 ||     8

Table legend: (Time is in decaauts)
 A = Elapsed time spent in this place.
 B = Non-inter-level travel time spent in this place.
 C = Inter-level travel time spent in this place.
 D = Time resting spent in this place.
 E = Time spent auto-exploring this place.
 F = Levels seen in this place.
 G = Mean time per level.
                   A        B        C        D        E       F      G
               +--------+--------+--------+--------+--------+-----+--------+
         Total |  12284 |  11819 |    465 |   1432 |   8005 |  14 |  877.4 |
       Dungeon |  11517 |  11053 |    464 |   1336 |   7609 |  11 | 1047.0 |
  Orcish Mines |    199 |    199 |      0 |      0 |    123 |   2 |   99.5 |
        Bailey |    567 |    567 |      0 |     96 |    273 |   1 |  567.0 |
               +--------+--------+--------+--------+--------+-----+--------+

Top non-repeatable levels by time:
    D:11: 1756 daAuts
     D:9: 1431 daAuts
     D:6: 1409 daAuts
     D:7: 1315 daAuts
     D:3: 1131 daAuts
     D:5: 825 daAuts
     D:2: 818 daAuts
     D:4: 799 daAuts
     D:1: 792 daAuts
    D:10: 631 daAuts
     D:8: 606 daAuts
  Bailey: 567 daAuts
   Orc:1: 164 daAuts
   Orc:2: 34 daAuts
